Sewer Rats vs Tamiflu
Created - 24 janvier 2015 at 19:19
Goals
|
| Sewer Rats |
1 |
0 |
1 |
2 |
| Tamiflu |
3 |
1 |
1 |
5 |
|
Shots
|
| Sewer Rats |
10 |
14 |
7 |
31 |
| Tamiflu |
16 |
16 |
10 |
42 |
|
1st period
1. Tamiflu , Greg Mauldin 33 (Petr Pohl) at 6:23
2. Tamiflu , Nate Thompson 28 (Unassisted) at 6:35
3. Sewer Rats , Nick Palmieri 27 (Vojtech Polak, Jordan Caron) at 11:53
4. Tamiflu , Greg Mauldin 34 (Petr Pohl) at 12:05
Penalties :
Garrett Wilson (Det) for Hooking (Minor) at 1:29, Jonathan Sigalet (Det) for Interference (Minor) at 6:54
2nd period
5. Tamiflu , Nate Thompson 29 (Carson Mcmillan, Alex Picard) at 0:14
Penalties :
Steven Reinprecht (Tol) for High sticking (Minor) at 4:46, Rich Clune (Det) for Hooking (Minor) at 12:52, Jordan Hendry (Det) for Tripping (Minor) at 19:34
3rd period
6. Sewer Rats , John-Michael Liles 6 (Nick Palmieri, Brandon Sutter) at 5:15
7. Tamiflu , Petr Pohl 22 (Greg Mauldin) at 7:41 (PP)
Penalties :
John-Michael Liles (Tol) for High sticking (Minor) at 6:36, Mattias Ekholm (Tol) for Hooking (Minor) at 14:48, Mark Mancari (Tol) for Hooking (Minor) at 19:03
Goalie Stats
Semyon Varlamov (Tol), 14 saves from 18 shots - (0,778), L, 18-10-2, 20:14 minutes
Jhonas Enroth (Tol), 23 saves from 24 shots - (0,958), 39:46 minutes
Mike McKenna (Det), 29 saves from 31 shots - (0,935), W, 18-12-2, 60:00 minutes
Players Stats for Sewer Rats
Player Name G A P +/- PIM S H SB GA TA FO MP PP MP PK MP
------------------------------------------------------------------------------------
Brandon Sutter 0 1 1 1 0 0 1 0 0 0 5/13 17:23 3:21 1:04
Chad Denny 0 0 0 0 0 0 0 0 0 0 0/0 11:13 0:00 0:00
Derek Dorsett 0 0 0 0 0 0 2 0 0 0 1/2 10:20 0:07 0:00
Evan Brophey 0 0 0 0 0 0 0 0 0 0 0/0 0:09 0:00 0:04
John Lammers 0 0 0 0 0 0 1 0 0 2 1/2 11:54 0:00 1:51
John-Michael Liles 1 0 1 -3 2 4 1 1 2 0 0/0 27:22 4:39 2:52
Jordan Caron 0 1 1 -1 0 1 1 0 0 0 0/1 7:59 0:07 0:00
Kyle Quincey 0 0 0 -3 0 3 2 1 1 0 0/0 28:22 4:39 3:51
Kyle Turris 0 0 0 0 0 0 1 0 0 1 2/2 10:58 0:07 0:38
Lars Eller 0 0 0 -1 0 1 1 0 0 0 0/2 7:42 0:00 0:00
Mark Mancari 0 0 0 -2 2 4 0 2 0 0 3/4 20:00 4:28 0:26
Mattias Ekholm 0 0 0 0 2 0 2 0 0 0 0/0 12:20 0:00 0:59
Mike Funk 0 0 0 1 0 0 0 3 0 0 0/0 20:25 3:17 2:08
Nick Palmieri 1 1 2 1 0 2 0 0 0 0 0/0 16:19 3:21 0:00
Patrick Bordeleau 0 0 0 -1 0 0 0 1 1 0 0/1 7:42 0:00 0:00
Ryan Maki 0 0 0 0 0 0 0 0 0 0 0/0 0:00 0:00 0:00
Steven Kampfer 0 0 0 1 0 3 2 2 1 2 0/0 20:25 3:17 2:08
Steven Reinprecht 0 0 0 -2 2 5 0 0 0 0 24/43 22:12 4:28 2:42
Tom Sestito 0 0 0 0 0 0 0 0 0 0 0/0 0:00 0:00 0:00
Ville Leino 0 0 0 -2 0 3 2 0 1 0 0/1 23:09 4:28 3:43
Vojtech Polak 0 1 1 1 0 5 0 2 0 0 0/1 18:03 3:21 1:30
Players Stats for Tamiflu
Player Name G A P +/- PIM S H SB GA TA FO MP PP MP PK MP
------------------------------------------------------------------------------------
Adam Henrique 0 0 0 0 0 2 0 0 0 0 3/4 11:52 1:03 0:00
Alex Picard 0 1 1 1 0 7 1 2 0 0 1/2 22:48 3:03 4:20
Ben Hanowski 0 0 0 0 0 0 0 0 0 0 0/0 1:03 1:03 0:00
Carson Mcmillan 0 1 1 1 0 4 2 0 0 1 2/3 19:41 3:03 2:24
Casey Wellman 0 0 0 0 0 0 0 0 0 0 1/3 6:00 0:00 0:00
Garrett Wilson 0 0 0 0 2 0 0 0 0 0 0/0 12:30 0:39 0:53
Greg Mauldin 2 1 3 1 0 5 0 0 1 0 9/22 19:03 1:53 2:24
Johan Fransson 0 0 0 1 0 0 2 0 0 0 0/0 20:30 2:29 3:41
Jonathan Sigalet 0 0 0 0 2 5 1 3 2 0 0/0 27:14 3:30 3:27
Jordan Hendry 0 0 0 0 2 1 3 4 0 1 0/0 26:01 3:30 2:59
Justin Braun 0 0 0 1 0 2 0 1 0 1 0/0 11:49 0:00 0:00
Kyle Lawson 0 0 0 0 0 1 0 1 0 1 0/0 19:59 2:29 3:20
Mattias Tedenby 0 0 0 0 0 1 1 0 1 0 1/1 7:57 0:00 1:12
Mike Duco 0 0 0 0 0 3 1 0 0 0 0/0 11:25 0:24 0:00
Nate Thompson 2 0 2 1 0 7 3 1 1 1 17/35 25:27 3:03 4:20
Petr Pohl 1 2 3 1 0 4 2 0 0 1 2/2 16:39 1:53 0:00
Rich Clune 0 0 0 1 2 0 0 0 0 0 0/0 17:29 1:53 0:19
Stefan Elliott 0 0 0 1 0 0 0 0 0 0 0/0 14:32 0:00 2:25
3 Stars
1 - Greg Mauldin (Det)
2 - Nate Thompson (Det)
3 - Petr Pohl (Det)
Power Play
Sewer Rats - 0 on 5 Attempt(s) - 0,00%
Tamiflu - 1 on 4 Attempt(s) - 25,00%
Penalty Kill
Sewer Rats - 3 on 4 Attempt(s) - 75,00%
- Score 0 goal in Penalty Kill
Tamiflu - 5 on 5 Attempt(s) - 100,00%
- Score 0 goal in Penalty Kill
Team Stat
Sewer Rats - Hits : 16 - Faceoff Wins : 36 - Blocked Shots : 12 - Penalty Minutes : 8
Tamiflu - Hits : 16 - Faceoff Wins : 36 - Blocked Shots : 12 - Penalty Minutes : 8
Official
Referees : Kowal Tom and Kimmerly Greg
Linesman : Steve Miller and Brian Mach
Game Notes
6:35 of 1st period - Penalty Shot by Nate Thompson for Tamiflu - Goal!
Jhonas Enroth enters game at 0:14 of 2nd period
Finance
Level 1 -- Attendance: 1439 (71,95%) -- Ticket Income 43 170 $
Level 2 -- Attendance: 752 (75,20%) -- Ticket Income 9 024 $
Total Attendance: 2191 (73,03%)
Total Ticket Income: 52 194 $
Other Income: 2 610 $
Total Income: 54 804 $
Sewer Rats
5 vs 5 Forward
Center Left Wing Right Wing Time % Phy DF OF
1 Steven Reinprecht Ville Leino Mark Mancari 40 1 2 2
2 Brandon Sutter Vojtech Polak Nick Palmieri 30 1 2 2
3 Kyle Turris John Lammers Derek Dorsett 20 1 2 2
4 Lars Eller Patrick Bordeleau Jordan Caron 10 1 2 2
5 vs 5 Defense
Defense Defense Time % Phy DF OF
1 John-Michael Liles Kyle Quincey 40 1 2 2
2 Steven Kampfer Mike Funk 30 1 2 2
3 Chad Denny Mattias Ekholm 20 1 2 2
4 John-Michael Liles Kyle Quincey 10 1 2 2
PowerPlay Forward
Center Left Wing Right Wing Time % Phy DF OF
1 Steven Reinprecht Ville Leino Mark Mancari 60 1 2 2
2 Brandon Sutter Vojtech Polak Nick Palmieri 40 1 2 2
PowerPlay Defense
Defense Defense Time % Phy DF OF
1 John-Michael Liles Kyle Quincey 60 1 2 2
2 Steven Kampfer Mike Funk 40 1 2 2
Penalty Kill 4 Players Forward
Center Wing Time % Phy DF OF
1 Steven Reinprecht Ville Leino 60 1 2 2
2 Mark Mancari Vojtech Polak 40 1 2 2
Penalty Kill 4 Players Defense
Defense Defense Time % Phy DF OF
1 John-Michael Liles Kyle Quincey 60 1 2 2
2 Steven Kampfer Mike Funk 40 1 2 2
Penalty Kill - 3 Players Forward
Forward Time % Phy DF OF
1 Steven Reinprecht 60 1 2 2
2 Ville Leino 40 1 2 2
Penalty Kill - 3 Players Defense
Defense Defense Time % Phy DF OF
1 John-Michael Liles Kyle Quincey 60 1 2 2
2 Steven Kampfer Mike Funk 40 1 2 2
4 vs 4 Forward
Center Wing Time % Phy DF OF
1 Steven Reinprecht Ville Leino 60 1 2 2
2 Mark Mancari Vojtech Polak 40 1 2 2
4 vs 4 Defense
Defense Defense Time % Phy DF OF
1 John-Michael Liles Kyle Quincey 60 1 2 2
2 Steven Kampfer Mike Funk 40 1 2 2
Last Minutes Offensive
Center Left Wing Right Wing Defense Defense
Steven Reinprecht Ville Leino Mark Mancari John-Michael Liles Kyle Quincey
Last Minutes Defensive
Center Left Wing Right Wing Defense Defense
Steven Reinprecht Ville Leino Mark Mancari John-Michael Liles Kyle Quincey
Goaltenders
Starting : Semyon Varlamov
Backup : Jhonas Enroth
Extra Forwards
Normal : Derek Dorsett, Kyle Turris, John Lammers - PP : Derek Dorsett, Kyle Turris - PK : John Lammers
Extra Defensemen
Normal : Chad Denny, Mattias Ekholm, Steven Kampfer - PP : Chad Denny - PK : Mattias Ekholm, Steven Kampfer
Penalty Shots
Steven Reinprecht, Ville Leino, Mark Mancari, Vojtech Polak, Brandon Sutter
Tamiflu
5 vs 5 Forward
Center Left Wing Right Wing Time % Phy DF OF
1 Nate Thompson Alex Picard Carson Mcmillan 40 1 2 2
2 Greg Mauldin Rich Clune Petr Pohl 30 1 2 2
3 Adam Henrique Garrett Wilson Mike Duco 20 1 2 2
4 Casey Wellman Nate Thompson Mattias Tedenby 10 1 2 2
5 vs 5 Defense
Defense Defense Time % Phy DF OF
1 Jonathan Sigalet Jordan Hendry 40 1 2 2
2 Johan Fransson Kyle Lawson 30 1 2 2
3 Justin Braun Stefan Elliott 20 1 2 2
4 Jonathan Sigalet Jordan Hendry 10 1 2 2
PowerPlay Forward
Center Left Wing Right Wing Time % Phy DF OF
1 Nate Thompson Alex Picard Carson Mcmillan 60 1 2 2
2 Greg Mauldin Rich Clune Petr Pohl 40 1 2 2
PowerPlay Defense
Defense Defense Time % Phy DF OF
1 Jonathan Sigalet Jordan Hendry 60 1 2 2
2 Johan Fransson Kyle Lawson 40 1 2 2
Penalty Kill 4 Players Forward
Center Wing Time % Phy DF OF
1 Nate Thompson Alex Picard 60 1 2 2
2 Greg Mauldin Carson Mcmillan 40 1 2 2
Penalty Kill 4 Players Defense
Defense Defense Time % Phy DF OF
1 Jonathan Sigalet Jordan Hendry 60 1 2 2
2 Johan Fransson Kyle Lawson 40 1 2 2
Penalty Kill - 3 Players Forward
Forward Time % Phy DF OF
1 Nate Thompson 60 1 2 2
2 Alex Picard 40 1 2 2
Penalty Kill - 3 Players Defense
Defense Defense Time % Phy DF OF
1 Jonathan Sigalet Jordan Hendry 60 1 2 2
2 Johan Fransson Kyle Lawson 40 1 2 2
4 vs 4 Forward
Center Wing Time % Phy DF OF
1 Nate Thompson Alex Picard 60 1 2 2
2 Greg Mauldin Carson Mcmillan 40 1 2 2
4 vs 4 Defense
Defense Defense Time % Phy DF OF
1 Jonathan Sigalet Jordan Hendry 60 1 2 2
2 Johan Fransson Kyle Lawson 40 1 2 2
Last Minutes Offensive
Center Left Wing Right Wing Defense Defense
Nate Thompson Alex Picard Carson Mcmillan Jonathan Sigalet Jordan Hendry
Last Minutes Defensive
Center Left Wing Right Wing Defense Defense
Nate Thompson Alex Picard Carson Mcmillan Jonathan Sigalet Jordan Hendry
Goaltenders
Starting : Mike McKenna
Backup : Thomas Greiss
Extra Forwards
Normal : Adam Henrique, Mike Duco, Mattias Tedenby - PP : Adam Henrique, Mike Duco - PK : Mattias Tedenby
Extra Defensemen
Normal : Justin Braun, Stefan Elliott, Johan Fransson - PP : Justin Braun - PK : Stefan Elliott, Johan Fransson
Penalty Shots
Nate Thompson, Alex Picard, Greg Mauldin, Carson Mcmillan, Petr Pohl
% Time on Ice - Sewer Rats
Lines # - Real PCT - Wanted PCT - Time Play
Normal Forward
1 - 33% - 40% - 15:13
2 - 28% - 30% - 13:07
3 - 22% - 20% - 10:03
4 - 17% - 10% - 7:42
Normal Defense
1 - 39% - 40% - 18:06
2 - 33% - 30% - 15:00
3 - 24% - 20% - 11:13
4 - 4% - 10% - 1:46
PP Forward
1 - 58% - 60% - 4:35
2 - 42% - 40% - 3:21
PP Defense
1 - 59% - 60% - 4:39
2 - 41% - 40% - 3:17
PK Forward
1 - 91% - 60% - 5:27
2 - 9% - 40% - 0:32
PK Defense
1 - 64% - 60% - 3:51
2 - 36% - 40% - 2:08
PK3 Forward
1 - 0% - 60%
2 - 0% - 40%
PK3 Defense
1 - 0% - 60%
2 - 0% - 40%
44 Forward
1 - 0% - 60%
2 - 0% - 40%
44 Defense
1 - 0% - 60%
2 - 0% - 40%
Last Minute Offensive - 0:00
Last Minute Defensive - 0:00
Total
Forward - 60:00
Defense - 60:00
|
% Time on Ice - Tamiflu
Lines # - Real PCT - Wanted PCT - Time Play
Normal Forward
1 - 32% - 40% - 14:54
2 - 32% - 30% - 14:46
3 - 23% - 20% - 10:25
4 - 13% - 10% - 6:00
Normal Defense
1 - 41% - 40% - 18:55
2 - 31% - 30% - 14:11
3 - 25% - 20% - 11:36
4 - 3% - 10% - 1:23
PP Forward
1 - 62% - 60% - 3:42
2 - 38% - 40% - 2:17
PP Defense
1 - 58% - 60% - 3:30
2 - 42% - 40% - 2:29
PK Forward
1 - 70% - 60% - 5:32
2 - 30% - 40% - 2:24
PK Defense
1 - 58% - 60% - 4:36
2 - 42% - 40% - 3:20
PK3 Forward
1 - 0% - 60%
2 - 0% - 40%
PK3 Defense
1 - 0% - 60%
2 - 0% - 40%
44 Forward
1 - 0% - 60%
2 - 0% - 40%
44 Defense
1 - 0% - 60%
2 - 0% - 40%
Last Minute Offensive - 0:00
Last Minute Defensive - 0:00
Total
Forward - 60:00
Defense - 60:00
|
Play by Play
1st period
0:01 of 1st period - Carson Mcmillan wins face-off versus Steven Reinprecht in neutral zone.
0:03 of 1st period - Off-side.
0:04 of 1st period - Mark Mancari wins face-off versus Nate Thompson in neutral zone.
0:13 of 1st period - Snap shot by Steven Reinprecht.
0:13 of 1st period - Shot Misses the Net.
1:10 of 1st period - Kyle Lawson is hit by Lars Eller and loses puck.
1:29 of 1st period - Minor Penalty to Garrett Wilson for Hooking.
1:30 of 1st period - Steven Reinprecht wins face-off versus Nate Thompson in Tamiflu zone.
1:41 of 1st period - Wrist shot by Steven Reinprecht.
1:41 of 1st period - Stopped by Mike McKenna with a rebound.
1:43 of 1st period - Wrist shot by Steven Reinprecht.
1:43 of 1st period - Shot Misses the Net.
1:45 of 1st period - Wrist shot by Ville Leino.
1:45 of 1st period - Shot Hit the Post.
1:55 of 1st period - Kyle Quincey is hit by Carson Mcmillan and loses puck.
2:58 of 1st period - Jordan Hendry is hit by John-Michael Liles and loses puck.
3:29 of 1st period - Penalty to Garrett Wilson is over, Garrett Wilson is back on ice.
4:00 of 1st period - Off-side.
4:01 of 1st period - Adam Henrique wins face-off versus Derek Dorsett in neutral zone.
4:30 of 1st period - Snap shot by Nate Thompson.
4:30 of 1st period - Stopped by Semyon Varlamov without a rebound.
4:31 of 1st period - Steven Reinprecht wins face-off versus Greg Mauldin in Sewer Rats zone.
4:33 of 1st period - Icing by Mark Mancari.
4:34 of 1st period - Mark Mancari wins face-off versus Nate Thompson in Sewer Rats zone.
4:49 of 1st period - Backhand shot by Nate Thompson.
4:49 of 1st period - Stopped by Semyon Varlamov with a rebound.
5:29 of 1st period - Wrist shot by Adam Henrique.
5:29 of 1st period - Stopped by Semyon Varlamov without a rebound.
5:30 of 1st period - Adam Henrique wins face-off versus Brandon Sutter in Sewer Rats zone.
5:57 of 1st period - Snap shot by Alex Picard.
5:57 of 1st period - Shot Blocked by Steven Kampfer.
5:59 of 1st period - Wrist shot by Nate Thompson.
5:59 of 1st period - Shot Misses the Net.
6:01 of 1st period - Snap shot by Carson Mcmillan.
6:01 of 1st period - Shot Blocked by Steven Kampfer.
6:03 of 1st period - Slapshot by Carson Mcmillan.
6:03 of 1st period - Stopped by Semyon Varlamov with a rebound.
6:05 of 1st period - Wrist shot by Carson Mcmillan.
6:05 of 1st period - Shot Misses the Net.
6:15 of 1st period - Snap shot by Steven Kampfer.
6:15 of 1st period - Stopped by Mike McKenna without a rebound.
6:16 of 1st period - Greg Mauldin wins face-off versus Patrick Bordeleau in Tamiflu zone.
6:23 of 1st period - Snap shot by Greg Mauldin.
6:23 of 1st period - Goal by Greg Mauldin - Sewer Rats : 0 - Tamiflu : 1.
6:24 of 1st period - Brandon Sutter wins face-off versus Nate Thompson in neutral zone.
6:33 of 1st period - Backhand shot by Vojtech Polak.
6:33 of 1st period - Stopped by Mike McKenna with a rebound.
6:35 of 1st period - Penalty Shot by Nate Thompson for Tamiflu.
6:35 of 1st period - Snap shot by Nate Thompson.
6:35 of 1st period - Goal by Nate Thompson - Sewer Rats : 0 - Tamiflu : 2.
6:36 of 1st period - Steven Reinprecht wins face-off versus Greg Mauldin in neutral zone.
6:37 of 1st period - Steven Reinprecht wins face-off versus Greg Mauldin in Tamiflu zone.
6:52 of 1st period - Wrist shot by Ville Leino.
6:52 of 1st period - Shot Misses the Net.
6:54 of 1st period - Minor Penalty to Jonathan Sigalet for Interference.
6:55 of 1st period - Steven Reinprecht wins face-off versus Nate Thompson in Tamiflu zone.
6:58 of 1st period - Snap shot by Mark Mancari.
6:58 of 1st period - Stopped by Mike McKenna without a rebound.
6:59 of 1st period - Steven Reinprecht wins face-off versus Nate Thompson in Tamiflu zone.
7:26 of 1st period - Wrist shot by Steven Reinprecht.
7:26 of 1st period - Stopped by Mike McKenna with a rebound.
7:34 of 1st period - Slapshot by Brandon Sutter.
7:34 of 1st period - Shot Blocked by Jordan Hendry.
7:36 of 1st period - Wrist shot by Brandon Sutter.
7:36 of 1st period - Shot Blocked by Jordan Hendry.
8:08 of 1st period - Ville Leino is hit by Carson Mcmillan and loses puck.
8:19 of 1st period - Nate Thompson is hit by Steven Kampfer and loses puck.
8:54 of 1st period - Penalty to Jonathan Sigalet is over, Jonathan Sigalet is back on ice.
9:04 of 1st period - Slapshot by Jonathan Sigalet.
9:04 of 1st period - Shot Blocked by Kyle Quincey.
9:06 of 1st period - Snap shot by Mike Duco.
9:06 of 1st period - Shot Blocked by John-Michael Liles.
9:08 of 1st period - Slapshot by Jonathan Sigalet.
9:08 of 1st period - Stopped by Semyon Varlamov with a rebound.
9:10 of 1st period - Slapshot by Garrett Wilson.
9:10 of 1st period - Shot Misses the Net.
9:12 of 1st period - Backhand shot by Justin Braun.
9:12 of 1st period - Stopped by Semyon Varlamov without a rebound.
9:13 of 1st period - Petr Pohl wins face-off versus Lars Eller in Sewer Rats zone.
9:16 of 1st period - Slapshot by Jonathan Sigalet.
9:16 of 1st period - Stopped by Semyon Varlamov without a rebound.
9:17 of 1st period - Greg Mauldin wins face-off versus Lars Eller in Sewer Rats zone.
9:28 of 1st period - Snap shot by Petr Pohl.
9:28 of 1st period - Shot Blocked by Patrick Bordeleau.
9:52 of 1st period - Slapshot by Vojtech Polak.
9:52 of 1st period - Shot Blocked by Alex Picard.
9:54 of 1st period - Snap shot by Vojtech Polak.
9:54 of 1st period - Stopped by Mike McKenna without a rebound.
9:55 of 1st period - Steven Reinprecht wins face-off versus Greg Mauldin in Tamiflu zone.
9:58 of 1st period - Wrist shot by Mark Mancari.
9:58 of 1st period - Shot Misses the Net.
10:00 of 1st period - Snap shot by John-Michael Liles.
10:00 of 1st period - Stopped by Mike McKenna without a rebound.
10:01 of 1st period - Steven Reinprecht wins face-off versus Greg Mauldin in Tamiflu zone.
10:40 of 1st period - Snap shot by Alex Picard.
10:40 of 1st period - Shot Misses the Net.
11:33 of 1st period - Snap shot by Petr Pohl.
11:33 of 1st period - Shot Misses the Net.
11:51 of 1st period - Wrist shot by Nick Palmieri.
11:51 of 1st period - Stopped by Mike McKenna with a rebound.
11:53 of 1st period - Snap shot by Nick Palmieri.
11:53 of 1st period - Goal by Nick Palmieri - Sewer Rats : 1 - Tamiflu : 2.
11:54 of 1st period - Greg Mauldin wins face-off versus Steven Reinprecht in neutral zone.
12:05 of 1st period - Slapshot by Greg Mauldin.
12:05 of 1st period - Goal by Greg Mauldin - Sewer Rats : 1 - Tamiflu : 3.
12:06 of 1st period - Steven Reinprecht wins face-off versus Nate Thompson in neutral zone.
12:20 of 1st period - Snap shot by Ville Leino.
12:20 of 1st period - Deflect By Mark Mancari.
12:20 of 1st period - Shot Misses the Net.
12:20 of 1st period - Puck is out of play.
12:21 of 1st period - Greg Mauldin wins face-off versus Brandon Sutter in Tamiflu zone.
13:32 of 1st period - Slapshot by Jonathan Sigalet.
13:32 of 1st period - Stopped by Semyon Varlamov with a rebound.
13:34 of 1st period - Slapshot by Jonathan Sigalet.
13:34 of 1st period - Deflect By Nate Thompson.
13:34 of 1st period - Stopped by Semyon Varlamov without a rebound.
13:35 of 1st period - Steven Reinprecht wins face-off versus Greg Mauldin in Sewer Rats zone.
13:44 of 1st period - Snap shot by Petr Pohl.
13:44 of 1st period - Deflect By Greg Mauldin.
13:44 of 1st period - Stopped by Semyon Varlamov without a rebound.
13:45 of 1st period - Steven Reinprecht wins face-off versus Greg Mauldin in Sewer Rats zone.
13:45 of 1st period - Steven Reinprecht is hit by Petr Pohl.
13:53 of 1st period - Wrist shot by Ville Leino.
13:53 of 1st period - Stopped by Mike McKenna with a rebound.
14:08 of 1st period - Wrist shot by Ville Leino.
14:08 of 1st period - Shot Blocked by Kyle Lawson.
14:14 of 1st period - Snap shot by Greg Mauldin.
14:14 of 1st period - Shot Misses the Net.
14:16 of 1st period - Slapshot by Kyle Lawson.
14:16 of 1st period - Stopped by Semyon Varlamov with a rebound.
14:18 of 1st period - Snap shot by Greg Mauldin.
14:18 of 1st period - Stopped by Semyon Varlamov with a rebound.
14:30 of 1st period - Snap shot by Petr Pohl.
14:30 of 1st period - Shot Blocked by Mark Mancari.
14:32 of 1st period - Snap shot by Greg Mauldin.
14:32 of 1st period - Shot Misses the Net.
14:50 of 1st period - Slapshot by Greg Mauldin.
14:50 of 1st period - Stopped by Semyon Varlamov with a rebound.
14:52 of 1st period - Wrist shot by Rich Clune.
14:52 of 1st period - Deflect By Greg Mauldin.
14:52 of 1st period - Shot Misses the Net.
14:52 of 1st period - Puck is out of play.
14:53 of 1st period - Nate Thompson wins face-off versus Brandon Sutter in Sewer Rats zone.
15:02 of 1st period - Wrist shot by Alex Picard.
15:02 of 1st period - Shot Misses the Net.
15:04 of 1st period - Snap shot by Carson Mcmillan.
15:04 of 1st period - Shot Misses the Net.
15:39 of 1st period - Slapshot by Jonathan Sigalet.
15:39 of 1st period - Stopped by Semyon Varlamov with a rebound.
16:18 of 1st period - Stefan Elliott is hit by Derek Dorsett and loses puck.
17:44 of 1st period - Garrett Wilson is hit by Kyle Turris and loses puck.
19:33 of 1st period - Icing by Mark Mancari.
19:34 of 1st period - Brandon Sutter wins face-off versus Adam Henrique in Sewer Rats zone.
Goals for this period are 1 for Sewer Rats vs 3 for Tamiflu.
Shots for this period are 10 for Sewer Rats vs 16 for Tamiflu.
2nd period
0:01 of 2nd period - Nate Thompson wins face-off versus Steven Reinprecht in neutral zone.
0:08 of 2nd period - Snap shot by Alex Picard.
0:08 of 2nd period - Stopped by Semyon Varlamov without a rebound.
0:09 of 2nd period - Alex Picard wins face-off versus Steven Reinprecht in Sewer Rats zone.
0:10 of 2nd period - Slapshot by Nate Thompson.
0:10 of 2nd period - Shot Misses the Net.
0:12 of 2nd period - Slapshot by Carson Mcmillan.
0:12 of 2nd period - Shot Misses the Net.
0:14 of 2nd period - Snap shot by Nate Thompson.
0:14 of 2nd period - Goal by Nate Thompson - Sewer Rats : 1 - Tamiflu : 4.
0:14 of 2nd period - Jhonas Enroth enters game.
0:15 of 2nd period - Nate Thompson wins face-off versus Steven Reinprecht in neutral zone.
0:17 of 2nd period - Off-side.
0:18 of 2nd period - Steven Reinprecht wins face-off versus Alex Picard in neutral zone.
1:08 of 2nd period - Slapshot by Mike Duco.
1:08 of 2nd period - Stopped by Jhonas Enroth with a rebound.
1:10 of 2nd period - Slapshot by Mike Duco.
1:10 of 2nd period - Stopped by Jhonas Enroth with a rebound.
1:12 of 2nd period - Slapshot by Jonathan Sigalet.
1:12 of 2nd period - Stopped by Jhonas Enroth without a rebound.
1:13 of 2nd period - Steven Reinprecht wins face-off versus Nate Thompson in Sewer Rats zone.
1:24 of 2nd period - Slapshot by Nate Thompson.
1:24 of 2nd period - Stopped by Jhonas Enroth with a rebound.
1:26 of 2nd period - Snap shot by Alex Picard.
1:26 of 2nd period - Stopped by Jhonas Enroth without a rebound.
1:27 of 2nd period - Brandon Sutter wins face-off versus Nate Thompson in Sewer Rats zone.
1:32 of 2nd period - Johan Fransson is hit by Kyle Quincey and loses puck.
2:14 of 2nd period - Snap shot by Lars Eller.
2:14 of 2nd period - Stopped by Mike McKenna with a rebound.
3:00 of 2nd period - Snap shot by Brandon Sutter.
3:00 of 2nd period - Shot Misses the Net.
3:02 of 2nd period - Wrist shot by Brandon Sutter.
3:02 of 2nd period - Shot Blocked by Jonathan Sigalet.
3:04 of 2nd period - Slapshot by Kyle Quincey.
3:04 of 2nd period - Stopped by Mike McKenna with a rebound.
3:49 of 2nd period - Slapshot by Steven Kampfer.
3:49 of 2nd period - Deflect By Stefan Elliott.
3:49 of 2nd period - Stopped by Mike McKenna with a rebound.
3:51 of 2nd period - Slapshot by Mike Funk.
3:51 of 2nd period - Shot Blocked by Justin Braun.
3:53 of 2nd period - Snap shot by Steven Kampfer.
3:53 of 2nd period - Stopped by Mike McKenna without a rebound.
3:54 of 2nd period - Kyle Turris wins face-off versus Greg Mauldin in Tamiflu zone.
3:55 of 2nd period - Wrist shot by Derek Dorsett.
3:55 of 2nd period - Shot Misses the Net.
4:23 of 2nd period - Off-side.
4:24 of 2nd period - Adam Henrique wins face-off versus Steven Reinprecht in neutral zone.
4:35 of 2nd period - Wrist shot by Adam Henrique.
4:35 of 2nd period - Stopped by Jhonas Enroth without a rebound.
4:36 of 2nd period - Steven Reinprecht wins face-off versus Nate Thompson in Sewer Rats zone.
4:36 of 2nd period - Steven Reinprecht is hit by Nate Thompson.
4:44 of 2nd period - Slapshot by Kyle Quincey.
4:44 of 2nd period - Stopped by Mike McKenna with a rebound.
4:46 of 2nd period - Snap shot by Mark Mancari.
4:46 of 2nd period - Stopped by Mike McKenna without a rebound.
4:46 of 2nd period - Minor Penalty to Steven Reinprecht for High sticking.
4:47 of 2nd period - Nate Thompson wins face-off versus John Lammers in Sewer Rats zone.
5:56 of 2nd period - Mike Funk is hit by Petr Pohl and loses puck.
6:46 of 2nd period - Penalty to Steven Reinprecht is over, Steven Reinprecht is back on ice.
7:34 of 2nd period - Johan Fransson is hit by Mattias Ekholm and loses puck.
7:48 of 2nd period - Icing by Mark Mancari.
7:49 of 2nd period - Steven Reinprecht wins face-off versus Casey Wellman in Sewer Rats zone.
7:56 of 2nd period - Wrist shot by Mark Mancari.
7:56 of 2nd period - Stopped by Mike McKenna without a rebound.
7:57 of 2nd period - Greg Mauldin wins face-off versus Vojtech Polak in Tamiflu zone.
8:04 of 2nd period - Snap shot by John-Michael Liles.
8:04 of 2nd period - Stopped by Mike McKenna without a rebound.
8:05 of 2nd period - Petr Pohl wins face-off versus Brandon Sutter in Tamiflu zone.
8:29 of 2nd period - John-Michael Liles is hit by Jonathan Sigalet and loses puck.
8:42 of 2nd period - Wrist shot by Petr Pohl.
8:42 of 2nd period - Stopped by Jhonas Enroth with a rebound.
9:07 of 2nd period - Off-side.
9:08 of 2nd period - Steven Reinprecht wins face-off versus Nate Thompson in neutral zone.
9:19 of 2nd period - Snap shot by Alex Picard.
9:19 of 2nd period - Stopped by Jhonas Enroth with a rebound.
9:21 of 2nd period - Snap shot by Alex Picard.
9:21 of 2nd period - Stopped by Jhonas Enroth with a rebound.
9:23 of 2nd period - Wrist shot by Nate Thompson.
9:23 of 2nd period - Stopped by Jhonas Enroth with a rebound.
9:33 of 2nd period - Garrett Wilson is hit by Kyle Quincey and loses puck.
9:54 of 2nd period - Slapshot by Jordan Caron.
9:54 of 2nd period - Stopped by Mike McKenna without a rebound.
9:55 of 2nd period - Casey Wellman wins face-off versus Jordan Caron in Tamiflu zone.
10:00 of 2nd period - Wrist shot by Nate Thompson.
10:00 of 2nd period - Shot Misses the Net.
10:02 of 2nd period - Wrist shot by Mattias Tedenby.
10:02 of 2nd period - Deflect By Nate Thompson.
10:02 of 2nd period - Shot Misses the Net.
10:02 of 2nd period - Puck is out of play.
10:03 of 2nd period - Steven Reinprecht wins face-off versus Nate Thompson in Sewer Rats zone.
10:03 of 2nd period - Steven Reinprecht is hit by Nate Thompson.
10:11 of 2nd period - Snap shot by Mark Mancari.
10:11 of 2nd period - Stopped by Mike McKenna without a rebound.
10:12 of 2nd period - Steven Reinprecht wins face-off versus Nate Thompson in Tamiflu zone.
10:13 of 2nd period - Wrist shot by Ville Leino.
10:13 of 2nd period - Shot Misses the Net.
10:33 of 2nd period - Snap shot by Alex Picard.
10:33 of 2nd period - Stopped by Jhonas Enroth with a rebound.
10:35 of 2nd period - Snap shot by Alex Picard.
10:35 of 2nd period - Shot Misses the Net.
10:37 of 2nd period - Snap shot by Nate Thompson.
10:37 of 2nd period - Deflect By Carson Mcmillan.
10:37 of 2nd period - Stopped by Jhonas Enroth with a rebound.
10:39 of 2nd period - Wrist shot by Carson Mcmillan.
10:39 of 2nd period - Stopped by Jhonas Enroth without a rebound.
10:40 of 2nd period - Brandon Sutter wins face-off versus Greg Mauldin in Sewer Rats zone.
10:49 of 2nd period - Wrist shot by Petr Pohl.
10:49 of 2nd period - Stopped by Jhonas Enroth with a rebound.
10:51 of 2nd period - Backhand shot by Greg Mauldin.
10:51 of 2nd period - Shot Blocked by Vojtech Polak.
11:09 of 2nd period - Adam Henrique is hit by Derek Dorsett and loses puck.
11:40 of 2nd period - Nate Thompson is hit by Ville Leino and loses puck.
12:52 of 2nd period - Minor Penalty to Rich Clune for Hooking.
12:53 of 2nd period - Steven Reinprecht wins face-off versus Nate Thompson in Tamiflu zone.
13:06 of 2nd period - Wrist shot by Steven Reinprecht.
13:06 of 2nd period - Shot Blocked by Jonathan Sigalet.
13:08 of 2nd period - Snap shot by Mark Mancari.
13:08 of 2nd period - Shot Misses the Net.
13:28 of 2nd period - Snap shot by Brandon Sutter.
13:28 of 2nd period - Shot Misses the Net.
14:30 of 2nd period - Icing by Ville Leino.
14:31 of 2nd period - Mattias Tedenby wins face-off versus Steven Reinprecht in Sewer Rats zone.
14:52 of 2nd period - Penalty to Rich Clune is over, Rich Clune is back on ice.
16:22 of 2nd period - Jordan Caron is hit by Jordan Hendry and loses puck.
17:09 of 2nd period - Steven Kampfer is hit by Mattias Tedenby and loses puck.
17:28 of 2nd period - Vojtech Polak is hit by Nate Thompson and loses puck.
17:36 of 2nd period - Icing by John-Michael Liles.
17:37 of 2nd period - Greg Mauldin wins face-off versus Brandon Sutter in Sewer Rats zone.
17:54 of 2nd period - Icing by John-Michael Liles.
17:55 of 2nd period - Nate Thompson wins face-off versus Brandon Sutter in Sewer Rats zone.
18:24 of 2nd period - Slapshot by Vojtech Polak.
18:24 of 2nd period - Stopped by Mike McKenna without a rebound.
18:25 of 2nd period - Nate Thompson wins face-off versus Mark Mancari in Tamiflu zone.
18:29 of 2nd period - Icing by Kyle Lawson.
18:30 of 2nd period - Nate Thompson wins face-off versus Steven Reinprecht in Tamiflu zone.
18:34 of 2nd period - Off-side.
18:35 of 2nd period - Steven Reinprecht wins face-off versus Nate Thompson in neutral zone.
18:44 of 2nd period - Snap shot by Steven Reinprecht.
18:44 of 2nd period - Stopped by Mike McKenna with a rebound.
18:46 of 2nd period - Wrist shot by Steven Kampfer.
18:46 of 2nd period - Shot Hit the Post.
18:48 of 2nd period - Slapshot by Steven Reinprecht.
18:48 of 2nd period - Stopped by Mike McKenna without a rebound.
18:49 of 2nd period - Nate Thompson wins face-off versus Steven Reinprecht in Tamiflu zone.
18:58 of 2nd period - Wrist shot by Steven Reinprecht.
18:58 of 2nd period - Stopped by Mike McKenna without a rebound.
18:59 of 2nd period - Steven Reinprecht wins face-off versus Nate Thompson in Tamiflu zone.
19:00 of 2nd period - Slapshot by Mark Mancari.
19:00 of 2nd period - Shot Blocked by Nate Thompson.
19:02 of 2nd period - Snap shot by Ville Leino.
19:02 of 2nd period - Shot Blocked by Jonathan Sigalet.
19:08 of 2nd period - Wrist shot by Steven Reinprecht.
19:08 of 2nd period - Shot Blocked by Alex Picard.
19:10 of 2nd period - Snap shot by Mark Mancari.
19:10 of 2nd period - Shot Misses the Net.
19:12 of 2nd period - Snap shot by Steven Reinprecht.
19:12 of 2nd period - Deflect By Ville Leino.
19:12 of 2nd period - Shot Misses the Net.
19:12 of 2nd period - Puck is out of play.
19:13 of 2nd period - Steven Reinprecht wins face-off versus Carson Mcmillan in Tamiflu zone.
19:14 of 2nd period - Wrist shot by Ville Leino.
19:14 of 2nd period - Shot Misses the Net.
19:34 of 2nd period - Minor Penalty to Jordan Hendry for Tripping.
19:35 of 2nd period - Nate Thompson wins face-off versus Ville Leino in Tamiflu zone.
Goals for this period are 0 for Sewer Rats vs 1 for Tamiflu.
Shots for this period are 14 for Sewer Rats vs 16 for Tamiflu.
3rd period
0:01 of 3rd period - Nate Thompson wins face-off versus Steven Reinprecht in neutral zone.
0:06 of 3rd period - Slapshot by Jonathan Sigalet.
0:06 of 3rd period - Shot Blocked by Mark Mancari.
1:34 of 3rd period - Penalty to Jordan Hendry is over, Jordan Hendry is back on ice.
1:51 of 3rd period - Adam Henrique is hit by Mattias Ekholm and loses puck.
2:11 of 3rd period - Greg Mauldin is hit by Jordan Caron and loses puck.
2:47 of 3rd period - Brandon Sutter is hit by Johan Fransson.
3:04 of 3rd period - Icing by Steven Kampfer.
3:05 of 3rd period - Derek Dorsett wins face-off versus Casey Wellman in Sewer Rats zone.
3:14 of 3rd period - Wrist shot by Alex Picard.
3:14 of 3rd period - Shot Misses the Net.
3:16 of 3rd period - Snap shot by Mattias Tedenby.
3:16 of 3rd period - Shot Misses the Net.
3:18 of 3rd period - Snap shot by Jordan Hendry.
3:18 of 3rd period - Shot Misses the Net.
3:32 of 3rd period - Snap shot by Steven Kampfer.
3:32 of 3rd period - Shot Blocked by Jordan Hendry.
3:34 of 3rd period - Slapshot by Ville Leino.
3:34 of 3rd period - Stopped by Mike McKenna without a rebound.
3:35 of 3rd period - Nate Thompson wins face-off versus Steven Reinprecht in Tamiflu zone.
3:44 of 3rd period - Wrist shot by Carson Mcmillan.
3:44 of 3rd period - Stopped by Jhonas Enroth with a rebound.
4:20 of 3rd period - Chad Denny is hit by Johan Fransson and loses puck.
4:47 of 3rd period - Slapshot by Steven Reinprecht.
4:47 of 3rd period - Shot Misses the Net.
4:51 of 3rd period - Snap shot by Ville Leino.
4:51 of 3rd period - Stopped by Mike McKenna without a rebound.
4:52 of 3rd period - Brandon Sutter wins face-off versus Greg Mauldin in Tamiflu zone.
4:57 of 3rd period - Wrist shot by Vojtech Polak.
4:57 of 3rd period - Stopped by Mike McKenna with a rebound.
4:59 of 3rd period - Slapshot by John-Michael Liles.
4:59 of 3rd period - Shot Misses the Net.
5:01 of 3rd period - Wrist shot by Vojtech Polak.
5:01 of 3rd period - Stopped by Mike McKenna without a rebound.
5:02 of 3rd period - Greg Mauldin wins face-off versus Brandon Sutter in Tamiflu zone.
5:13 of 3rd period - Snap shot by Nick Palmieri.
5:13 of 3rd period - Shot Blocked by Jordan Hendry.
5:15 of 3rd period - Slapshot by John-Michael Liles.
5:15 of 3rd period - Deflect By Jonathan Sigalet.
5:15 of 3rd period - Goal by John-Michael Liles - Sewer Rats : 2 - Tamiflu : 4.
5:16 of 3rd period - Nate Thompson wins face-off versus Steven Reinprecht in neutral zone.
6:27 of 3rd period - Snap shot by Nate Thompson.
6:27 of 3rd period - Shot Misses the Net.
6:29 of 3rd period - Snap shot by Nate Thompson.
6:29 of 3rd period - Deflect By Mattias Tedenby.
6:29 of 3rd period - Stopped by Jhonas Enroth with a rebound.
6:31 of 3rd period - Wrist shot by Casey Wellman.
6:31 of 3rd period - Shot Misses the Net.
6:33 of 3rd period - Snap shot by Justin Braun.
6:33 of 3rd period - Stopped by Jhonas Enroth without a rebound.
6:34 of 3rd period - Steven Reinprecht wins face-off versus Nate Thompson in Sewer Rats zone.
6:36 of 3rd period - Minor Penalty to John-Michael Liles for High sticking.
6:37 of 3rd period - Nate Thompson wins face-off versus Steven Reinprecht in Sewer Rats zone.
7:33 of 3rd period - Wrist shot by Nate Thompson.
7:33 of 3rd period - Shot Misses the Net.
7:35 of 3rd period - Slapshot by Jordan Hendry.
7:35 of 3rd period - Stopped by Jhonas Enroth without a rebound.
7:36 of 3rd period - Mark Mancari wins face-off versus Greg Mauldin in Sewer Rats zone.
7:41 of 3rd period - Wrist shot by Petr Pohl.
7:41 of 3rd period - Goal by Petr Pohl - Sewer Rats : 2 - Tamiflu : 5.
7:42 of 3rd period - Greg Mauldin wins face-off versus Brandon Sutter in neutral zone.
8:20 of 3rd period - Carson Mcmillan is hit by Brandon Sutter and loses puck.
8:59 of 3rd period - Snap shot by Petr Pohl.
8:59 of 3rd period - Stopped by Jhonas Enroth with a rebound.
9:32 of 3rd period - Off-side.
9:33 of 3rd period - Nate Thompson wins face-off versus Steven Reinprecht in neutral zone.
9:35 of 3rd period - Off-side.
9:36 of 3rd period - Nate Thompson wins face-off versus Steven Reinprecht in neutral zone.
9:39 of 3rd period - Ville Leino is hit by Alex Picard and loses puck.
10:38 of 3rd period - Slapshot by Steven Kampfer.
10:38 of 3rd period - Shot Misses the Net.
11:42 of 3rd period - Wrist shot by Alex Picard.
11:42 of 3rd period - Shot Blocked by Vojtech Polak.
11:52 of 3rd period - Snap shot by Nate Thompson.
11:52 of 3rd period - Shot Misses the Net.
11:56 of 3rd period - Snap shot by Nate Thompson.
11:56 of 3rd period - Shot Blocked by Mike Funk.
11:58 of 3rd period - Snap shot by Alex Picard.
11:58 of 3rd period - Stopped by Jhonas Enroth with a rebound.
12:26 of 3rd period - Snap shot by Nate Thompson.
12:26 of 3rd period - Deflect By Vojtech Polak.
12:26 of 3rd period - Shot Blocked by Mike Funk.
12:26 of 3rd period - Puck is out of play.
12:27 of 3rd period - Greg Mauldin wins face-off versus Steven Reinprecht in Sewer Rats zone.
13:04 of 3rd period - Snap shot by Mike Duco.
13:04 of 3rd period - Stopped by Jhonas Enroth with a rebound.
13:56 of 3rd period - Slapshot by John-Michael Liles.
13:56 of 3rd period - Stopped by Mike McKenna without a rebound.
13:57 of 3rd period - Kyle Turris wins face-off versus Greg Mauldin in Tamiflu zone.
14:33 of 3rd period - Johan Fransson is hit by Ville Leino and loses puck.
14:48 of 3rd period - Minor Penalty to Mattias Ekholm for Hooking.
14:49 of 3rd period - Steven Reinprecht wins face-off versus Greg Mauldin in Sewer Rats zone.
15:24 of 3rd period - John-Michael Liles is hit by Jordan Hendry and loses puck.
16:02 of 3rd period - Kyle Lawson is hit by Steven Kampfer and loses puck.
16:19 of 3rd period - Johan Fransson is hit by John Lammers and loses puck.
16:30 of 3rd period - Snap shot by Adam Henrique.
16:30 of 3rd period - Deflect By Garrett Wilson.
16:30 of 3rd period - Shot Blocked by Mike Funk.
16:30 of 3rd period - Puck is out of play.
16:31 of 3rd period - Nate Thompson wins face-off versus Steven Reinprecht in Sewer Rats zone.
16:48 of 3rd period - Penalty to Mattias Ekholm is over, Mattias Ekholm is back on ice.
17:26 of 3rd period - Nick Palmieri is hit by Mike Duco and loses puck.
18:22 of 3rd period - Mark Mancari is hit by Jordan Hendry and loses puck.
19:03 of 3rd period - Minor Penalty to Mark Mancari for Hooking.
19:04 of 3rd period - John Lammers wins face-off versus Nate Thompson in Sewer Rats zone.
19:19 of 3rd period - Slapshot by Kyle Quincey.
19:19 of 3rd period - Stopped by Mike McKenna without a rebound.
19:20 of 3rd period - Carson Mcmillan wins face-off versus Steven Reinprecht in Tamiflu zone.
19:31 of 3rd period - Wrist shot by Alex Picard.
19:31 of 3rd period - Deflect By Nate Thompson.
19:31 of 3rd period - Stopped by Jhonas Enroth without a rebound.
19:32 of 3rd period - Nate Thompson wins face-off versus Steven Reinprecht in Sewer Rats zone.
19:37 of 3rd period - Snap shot by Alex Picard.
19:37 of 3rd period - Stopped by Jhonas Enroth with a rebound.
19:45 of 3rd period - Wrist shot by Alex Picard.
19:45 of 3rd period - Shot Misses the Net.
19:47 of 3rd period - Snap shot by Alex Picard.
19:47 of 3rd period - Shot Misses the Net.
Goals for this period are 1 for Sewer Rats vs 1 for Tamiflu.
Shots for this period are 7 for Sewer Rats vs 10 for Tamiflu.
Output by the SimonT Hockey Simulator (STHS) for François Prévost -- Original Page W3C XHTML 1.0 Valid